 Dungeon Crawl Stone Soup version 0.26-a0-278-g3b0d5afba5 (webtiles) character file.

Game seed: 14025579384083664744

144 BritishOli the Skirmisher (level 5, 42/42 HPs)
             Began as a Demonspawn Fighter on July 12, 2020.
             Quit the game on level 2 of the Dungeon.
             The game lasted 00:01:02 (1616 turns).

BritishOli the Skirmisher (Demonspawn Fighter)      Turns: 1616, Time: 00:01:03

Health: 42/42      AC:  8    Str: 17    XL:     5   Next: 5%
Magic:  5/5        EV:  7    Int: 10    God:
Gold:   95         SH: 15    Dex: 12    Spells: 4/4 levels left

rFire    . . .     SeeInvis .   a - +0 long sword
rCold    . . .     Faith    .   c - +0 kite shield
rNeg     . . .     Spirit   +   b - +0 scale mail
rPois    .         Reflect  .   k - +2 hat
rElec    .         Harm     .   (no cloak)
rCorr    .                      (no gloves)
MR       .....                  (no boots)
Stlth    ..........             (no amulet)
HPRegen  0.14/turn              (no ring)
MPRegen  0.09/turn              (no ring)

@: no status effects
A: large bone plates 2, magic shield, rot immunity
a: no special abilities


You were on level 2 of the Dungeon.
You visited 1 branch of the dungeon, and saw 2 of its levels.

You collected 95 gold pieces.

Inventory:

Hand Weapons
 a - a +0 long sword (weapon)
Armour
 b - a +0 scale mail (worn)
 c - a +0 kite shield (worn)
 k - a +2 hat (worn)
Jewellery
 h - an uncursed ring of magical power {unknown}
 n - a cursed amulet of inaccuracy {unknown}
Scrolls
 e - a scroll of fear {unknown}
 g - 8 scrolls of identify {unknown}
 i - a scroll of noise {unknown}
 m - 3 scrolls of teleportation {unknown}
 o - a scroll of blinking {unknown}
Potions
 d - a potion of might
 f - a potion of resistance {unknown}
 j - a potion of brilliance {unknown}
 l - 2 potions of stabbing {unknown}
 p - a potion of magic {unknown}


   Skills:
 + Level 3.8 Fighting
 + Level 2.8 Long Blades
 + Level 3.4 Armour
 + Level 3.5 Shields


You had 4 spell levels left.
You didn't know any spells.
Your spell library was empty.

Dungeon Overview and Level Annotations

Branches:
Dungeon (2/15)

Altars:


Innate Abilities, Weirdness & Mutations

You are mostly covered in large bone plates. (SH +6)
When hurt, damage is shared between your health and your magic reserves.
You are immune to rotting.


Message History

You riposte.
Your shield and scale mail prevent you from hitting the adder.
The adder is heavily wounded.
An adder is nearby!
You closely miss the adder.
The adder is heavily wounded.
The adder bites you but does no damage.
An adder is nearby!
You slash the adder!
You kill the adder!
You have reached level 5!
Your demonic ancestry asserts itself...
You feel immune to rotting.
No target in view!
g - 8 scrolls labeled PAMEANT SUBLEM (gained 1)
There is a stone staircase leading up here.
A leopard gecko comes into view.
A leopard gecko is nearby!
The leopard gecko hisses angrily.
Are you sure you want to abandon this character and quit the game? (Confirm with "yes".)

#.# # #.# #
############# #.#
## ....).......#
#.# #.
###...#####.#####.#
#.
##†##.............#
#.
#.###.#.###.#######
#. ..(...#.#
#.##########.# #(
#.##..#.#
#.....@l.....# ##.
##.#...##
#.######.##### ##..
..<...## #.# #.#
#########.#.
####.## #.# #.#
#...†>...... #.#
#.#
#.###.####..#.#.
#.######.#
#.....####..##..
#........#
######..........
##########
#.###..#### #.#
#..# #


You could see a leopard gecko.

Vanquished Creatures
  Natasha (twice) (D:2)
  A worker ant (D:2)
  A gnoll (D:1)
  2 adders (D:2)
  3 dart slugs
  2 leopard geckos (D:1)
  5 bats
  A bat skeleton (D:2)
  2 giant cockroaches
  4 goblins
  3 hobgoblins
  4 jackals (D:1)
  2 quokkas (D:2)
  A ball python (D:1)
  2 frilled lizards
  2 kobolds (D:1)
  2 rats
39 creatures vanquished.

Notes
Turn   | Place    | Note
-------+----------+-------------------------------------------
     0 | D:1      | BritishOli the Demonspawn Fighter began the quest for the
                  | Orb.
     0 | D:1      | Reached XP level 1. HP: 18/18 MP: 1/1
    15 | D:1      | Gained mutation: You are partially covered in large bone
                  | plates. (SH +4) [demonic ancestry]
    15 | D:1      | Reached XP level 2. HP: 24/24 MP: 2/2
   402 | D:1      | Gained mutation: When hurt, damage is shared between your
                  | health and your magic reserves. [demonic ancestry]
   402 | D:1      | Reached XP level 3. HP: 29/29 MP: 3/3
   994 | D:2      | Noticed Natasha
  1002 | D:2      | Killed Natasha
  1018 | D:2      | Noticed Natasha
  1024 | D:2      | Killed Natasha
  1024 | D:2      | Gained mutation: You are mostly covered in large bone
                  | plates. (SH +6) [demonic ancestry]
  1024 | D:2      | Reached XP level 4. HP: 28/36 MP: 2/4
  1572 | D:2      | Gained mutation: You are immune to rotting. [demonic
                  | ancestry]
  1572 | D:2      | Reached XP level 5. HP: 42/42 MP: 5/5
  1616 | D:2      | Quit the game

Illustrated notes

Levels and vault maps discovered:
D:1:      lightli_iron_boxes, layout_basic
D:2:      layout_loops_ring, kennysheep_vampire_church, uniq_natasha

Skill      XL: |  1  2 |
---------------+-------+-----
Long Blades    | 2 |  2.8
Shields        | 3 |  3.5
Armour         | 3 |  3.4
Fighting       | |  3.8

Action                   |  1- 3 |  4- 6 || total
-------------------------+-------+-------++-------
Melee: Long sword        |    83 |    57 ||   140
Armor: Scale mail        |    28 |    21 ||    49
Dodge: Dodged            |    20 |    19 ||    39
Block: Kite shield       |    58 |    50 ||   108
       Rpst.: Long sword |     7 |     3 ||    10

Table legend:
 A = Non-vault XP
 B = Vault XP
 C = Vault XP percentage of total XP
 D = Non-vault monster count
 E = Vault monster count
 F = Vault count percentage of total count
                 A         B        C        D         E       F
            +---------+---------+-------+---------+---------+-------
      Total |     170 |      37 |  17.9 |      37 |       2 |   5.1
            +---------+---------+-------+---------+---------+-------
        D:1 |      59 |       0 |   0.0 |      23 |       0 |   0.0
        D:2 |     111 |      37 |  25.0 |      14 |       2 |  12.5
            +---------+---------+-------+---------+---------+-------
